Map: Ley Lines

Players

AppleSlayer

  • Race: Zerg Zerg
  • League: Diamond
  • Spawn Location: 1:00

wootwoot - Winner!

  • Race: Terran Terran
  • League: Diamond
  • Spawn Location: 7:00

VOD

Have the link to the VOD?

Description

Time

  • Played on: April 4, 2025, 1:30 a.m.
  • Length: 8:07
Show
View Real Time Build Order
Export as new Build Order

AppleSlayer Zerg 

Build Orders: Hatch First 

Get SALT Encoding   

  12  0:00  Drone  
  13  0:08  Drone  
  14  0:15  Extractor  
  14  0:16  Drone  
  15  0:23  Overlord  
  15  0:43  Drone  
  15  0:46  Hatchery  
  15  0:49  Drone  
  16  0:54  Drone  
  16  0:56  Drone  
  18  1:08  Extractor  
  17  1:13  Spawning Pool  
  17  1:15  Drone  
  17  1:18  Drone  
  18  1:27  Drone  
  19  1:37  Drone  
  20  1:48  Drone  
  21  2:01  Queen x2  
  25  2:09  Zergling x4  
  25  2:10  Drone  
  25  2:11  Overlord  
  28  2:19  Metabolic Boost  
  28  2:28  Hatchery  
  27  2:33  Drone x2  
  29  2:47  Drone x4  
  33  2:52  Overlord  
  33  2:58  Queen  
  33  3:03  Drone  
  33  3:04  Overlord  
  36  3:12  Drone x2  
  38  3:14  Drone x2  
  38  3:15  Drone  
  41  3:26  Drone x2  
  43  3:28  Queen  
  45  3:38  Queen  
  47  3:42  Drone  
  47  3:43  Drone x4  
  52  3:53  Drone  
  52  3:54  Drone x5  
  57  4:09  Zergling x2  
  58  4:10  Overlord x2  
  58  4:19  Overlord x2  
  58  4:23  Lair  
  58  4:25  Baneling Nest  
  58  4:27  Evolution Chamber  
  58  4:28  Queen, Evolution Chamber, Extractor  
  56  4:49  Roach Warren  
  56  4:52  Drone x3  
  58  4:58  Drone x5  
  58  4:59  Drone x3  
  66  5:00  Overlord x3  
  66  5:03  Zerg Missile Weapons Level 1  
  66  5:10  Zerg Melee Weapons Level 1  
  66  5:16  Extractor x2  
  66  5:18  Extractor  
  63  5:25  Drone x3  
  63  5:26  Drone x3  
  63  5:27  Drone x2  
  63  5:28  Drone  
  72  5:29  Roach x4  
  80  5:57  Hatchery  
  80  6:00  Hatchery  
  76  6:05  Roach x3  
  76  6:06  Overlord x2, Roach x8  
  76  6:09  Glial Reconstitution  
  96  6:31  Roach x7  
  106  6:35  Overlord  
  102  6:45  Roach x4  
  100  6:55  Roach  
  100  6:56  Roach x2  
  96  7:04  Roach x5  
  94  7:11  Roach x5  
  94  7:13  Roach  
  98  7:16  Roach  
  98  7:20  Roach x3  
  98  7:21  Roach  
  98  7:22  Roach  
  97  7:26  Roach  
  97  7:27  Roach x4  
  86  7:34  Roach  
  86  7:35  Roach x2  
  74  7:41  Roach x3  
Show
View Real Time Build Order
Export as new Build Order

wootwoot Terran - Winner!

Build Orders: 2 Factory, Gas First Reaper Expand 

Get SALT Encoding   

  12  0:00  SCV  
  13  0:12  SCV  
  14  0:17  Supply Depot  
  14  0:25  SCV  
  14  0:28  Refinery  
  15  0:38  SCV  
  16  0:45  Barracks  
  16  0:50  SCV  
  17  1:02  SCV  
  18  1:14  SCV  
  19  1:32  Orbital Command, Reaper  
  20  1:43  Command Center  
  20  1:56  Factory  
  20  1:59  SCV  
  21  2:05  Refinery  
  21  2:10  Barracks Reactor  
  21  2:11  SCV  
  22  2:17  Supply Depot  
  22  2:23  SCV  
  23  2:38  SCV  
  23  2:39  Factory  
  24  2:50  SCV, Hellion x2  
  29  2:57  Orbital Command  
  29  3:00  Barracks Tech Lab  
  29  3:02  SCV  
  30  3:15  Hellion  
  30  3:16  Hellion  
  30  3:18  SCV  
  35  3:25  SCV  
  36  3:30  Mag-Field Accelerator, SCV  
  40  3:34  Cyclone  
  40  3:38  SCV  
  41  3:42  SCV  
  42  3:50  SCV  
  42  3:54  Supply Depot, SCV  
  42  3:55  Supply Depot  
  44  4:02  SCV  
  45  4:06  SCV  
  46  4:13  Factory  
  46  4:16  Factory  
  46  4:18  Factory  
  46  4:19  SCV x2  
  48  4:25  Refinery x2  
  48  4:31  SCV x2  
  50  4:37  Supply Depot  
  50  4:38  Supply Depot  
  50  4:43  SCV x2  
  52  4:47  Cyclone  
  52  4:48  Hellion  
  52  4:50  Hellion  
  59  4:55  SCV x2  
  59  4:57  Factory Tech Lab  
  59  4:59  Factory Tech Lab  
  61  5:01  Factory Reactor  
  61  5:08  SCV x2  
  61  5:11  Hellion x2  
  61  5:12  Infernal Pre-Igniter  
  67  5:20  Cyclone  
  70  5:26  Cyclone  
  70  5:28  Cyclone  
  76  5:32  Supply Depot x2  
  76  5:34  Supply Depot  
  76  5:37  Hellion  
  78  5:42  Supply Depot  
  78  5:54  Cyclone, Hellion x2  
  85  6:02  Cyclone x2  
  91  6:06  Hellion  
  93  6:26  Cyclone  
  95  6:34  Cyclone x2  
  95  6:38  Hellion x4  
  106  6:58  Cyclone  
  106  6:59  Hellion x2  
  107  7:05  Hellion  
  109  7:10  Cyclone  
  109  7:13  Cyclone  
  109  7:19  Hellion  
  109  7:31  Cyclone  
  109  7:34  Hellion  
  106  7:51  Supply Depot  
  106  7:52  Supply Depot x2  
Tags
 
Add a new tag
Caveats
  • Supply blocks, unpowered buildings, or Contaminate may cause inaccurate times.
  • Supply counts are checked every 10 seconds.